[Event "Late-Titled-Tuesday-Blitz-May-14-2024"]
[Site "Chess.com"]
[Date "2024.05.14"]
[Round "7"]
[White "Iuckyducky"]
[Black "laskakid"]
[Result "1-0"]
[WhiteElo "2308"]
[BlackElo "2376"]
[TimeControl "180+1"]
[EndTime "15:17:49 PDT"]
[Termination "Iuckyducky won by checkmate"]

1. e4 d6 2. d4 Nf6 3. Nc3 e5 4.
dxe5 dxe5 5. Qxd8+ Kxd8 6. Bc4 Bb4 7. Bxf7 Rf8 8. Bd5 c6 9. Bb3 Nxe4 10. f3 Nxc3 11.
a3 Nd5+ 12. axb4 Nxb4 13. Bg5+ Ke8 14. O-O-O Bd7 15. Re1 Rf5 16. Bd2 Nd5 17. Ne2 Rf6 18. Ng3 Re6 19. Nf5 Kf8 20. Bb4+ Nxb4 21. Bxe6 Bxe6 22.
Rxe5 Bf7 23. Nd6 Nd7 24. Rf5 Nf6 25. Nxb7 Bd5 26. Re1 Rb8 27. Nd6 Rd8 28. Ne4 Bxe4 29. fxe4 Kg8 30. e5 Nfd5 31. e6 Ne7 32. Rf7 Re8 33.
Rd1 Nbd5 34. c4 Nf6 35. g4 Nxg4 36. Rd7 Ng6 37. Rxg7+ Kh8 38. Rxh7+ Kg8 39. Rhg7+ Kh8 40. Rxg6 Ne5 41. Rh6+ Kg8 42. Rxa7 Nxc4 43. Rg6+ Kh8 44. Rh6+ Kg8 45. Rhh7 Rxe6 46. Rhc7 Re8 47. Re7 Rc8 48.
Rec7 Re8 49. Rxc6 Ne5 50. Rcc7 Ng4 51. Rg7+ Kf8 52. Rxg4 Re6 53. Rf4+ Ke8 54. Raa4 Rc6+ 55. Rac4 Rd6 56. Rce4+ Kd8 57. Rd4 Rxd4 58. Rxd4+ Kc7 59.
h4 Kc6 60. h5 Kc5 61. Rd8 Kc6 62.
h6 Kc5 63. Re8 Kc6 64. h7 Kc7 65. h8=Q Kc6 66. Qd4 Kb7 67. Rd8 Kc6 68. Qc4+ Kb6 69. Rc8 Kb7 70. Qc6+ Ka7 71. Rc7+ Kb8 72. Qb7# 1-0

[Event "Late-Titled-Tuesday-Blitz-May-14-2024"]
[Site "Chess.com"]
[Date "2024.05.14"]
[Round "7"]
[White "frederiksvane"]
[Black "Alexander_Donchenko"]
[Result "1-0"]
[WhiteElo "2961"]
[BlackElo "2859"]
[TimeControl "180+1"]
[EndTime "15:17:50 PDT"]
[Termination "frederiksvane won by resignation"]

1. g3 c5 2. Bg2 Nc6 3. Nc3 g6 4.
d3 Bg7 5. Bd2 Rb8 6. a4 a6 7. h4 h5 8. Nh3 b5 9. axb5 axb5 10.
Qc1 b4 11. Ne4 Qb6 12. Nf4 d6 13. Nd5 Qd8 14. Bg5 Bb7 15. O-O Nd4 16. Nf4 f6 17. e3 fxg5 18. Nxg5 e5 19. exd4 exf4 20. Re1+ Ne7 21.
Ne6 Qd7 22. Nxg7+ Kf7 23. Ne6 Bxg2 24. Qxf4+ Nf5 25. Kxg2 Rhe8 26. d5 Kg8 27. Re4 Qf7 28. Rae1 Re7 29. Ng5 Qxd5 30. Kh2 Rbe8 31. Rxe7 Rxe7 32.
Rxe7 Nxe7 33. Ne4 Qd4 34. Nxd6 Qxf4 35. gxf4 Nc6 36. Ne4 Nd4 37. c3 bxc3 38. bxc3 Nb3 39. Kg3 Kf7 40. Kf3 Ke6 41. Ke3 Kf5 42. f3 Ke6 43. Nd2 Nc1 44. Ne4 Nb3 45. Ng5+ Kf5 46. Nf7 Ke6 47. Ne5 Kf5 48. Nc4 Nc1 49. Nd2 Ke6 50. Ke4 Ne2 51. c4 Ng3+ 52. Ke3 Nf5+ 53. Kf2 Nxh4 54. Ne4 Nf5 55. Nxc5+ Kd6 56. Nb3 Ng7 57.
d4 Ne6 58. Kg3 Ke7 59. d5 Ng7 60. Nd4 Kd6 61. Kh4 Kc5 62. Ne6+ Nxe6 63. dxe6 Kd6 64. f5 gxf5 65. Kxh5 Kxe6 66. Kg5 Ke5 67. f4+ Ke4 68. c5 Kd5 69. Kxf5 Kxc5 70. Ke6 Kd4 71. f5 1-0

[Event "Late-Titled-Tuesday-Blitz-May-14-2024"]
[Site "Chess.com"]
[Date "2024.05.14"]
[Round "7"]
[White "noret"]
[Black "Quattroporte300"]
[Result "0-1"]
[WhiteElo "2148"]
[BlackElo "2457"]
[TimeControl "180+1"]
[EndTime "15:17:50 PDT"]
[Termination "Quattroporte300 won on time"]

1. e4 c5 2. Nf3 a6 3. c3 d5 4.
exd5 Qxd5 5. d4 Nf6 6. Be3 e6 7. h3 Nc6 8. dxc5 Qxd1+ 9. Kxd1 Nd5 10. Bd4 f6 11. Bc4 Bd7 12. Nbd2 O-O-O 13. b4 Be8 14. Kc2 e5 15. Be3 Bg6+ 16. Kb2 Nxe3 17. fxe3 Be7 18. a4 a5 19. b5 Nb8 20. Nb3 Nd7 21.
c6 bxc6 22. bxc6 Nb6 23. Bb5 Kc7 24. Nxa5 Nd5 25. Nb7 Ra8 26. a5 Nxe3 27. a6 Nxg2 28.
Rhd1 Bf5 29. Rd2 Nf4 30. Rad1 Kb6 31. c4 Be4 32. Ne1 Bxc6 33. Bxc6 Kxc6 34. Rd7 Rxa6 35. Rxe7 Rb6+ 36. Kc3 Rxb7 37. Rxb7 Kxb7 38. Rd7+ Kc6 39. Rxg7 h5 40. Rf7 Rh6 41. Nf3 Rg6 42. Nh4 Rg3+ 43.
Kb4 Rxh3 44. Rxf6+ Kd7 45. Nf5 Rh1 46. Rh6 Ng2 47.
Kc5 h4 48. Nxh4 Rxh4 49. Rg6 Nf4 50. Rg7+ Ke6 51. Rg1 Rh8 52. Kb6 Rb8+ 53. Kc7 Rb4 54. c5 Nd5+ 55. Kc6 Rc4 56. Rg6+ Nf6 57. Rh6 e4 58.
Rg6 e3 59. Rg1 e2 60. Re1 Rc2 61. Kb7 Kd5 62. c6 Ne4 63. c7 Nd6+ 64. Kb8 Kd4 0-1

[Event "Late-Titled-Tuesday-Blitz-May-14-2024"]
[Site "Chess.com"]
[Date "2024.05.14"]
[Round "7"]
[White "Zhigalko_Sergei"]
[Black "Statham_01"]
[Result "0-1"]
[WhiteElo "2823"]
[BlackElo "2639"]
[TimeControl "180+1"]
[EndTime "15:17:52 PDT"]
[Termination "Statham_01 won by resignation"]

1. e4 e5 2. Nf3 Nc6 3. Bc4 Nf6 4. d3 Bc5 5. O-O d6 6. c3 a6 7. Bb3 h6 8. Nbd2 Be6 9. Re1 Ba7 10. Nf1 Qe7 11. Ne3 O-O-O 12. Nd5 Bxd5 13. exd5 Nb8 14. d4 Nbd7 15. a4 g5 16. Ba2 Rhg8 17. b4 g4 18. Nh4 Nh5 19. g3 Qf6 20. Be3 Nf4 21.
Bxf4 exf4 22. a5 Rg5 23. Qd3 Rh5 24. Ng2 fxg3 25. fxg3 Ne5 26. Rf1 Nf3+ 27. Rxf3 gxf3 28. Nf4 Rg5 29. Kh1 h5 30. Nh3 Rf5 31. Rf1 f2 32. Nf4 h4 33. Bb1 Rg5 34. Nh3 hxg3 35. Nxg5 g2+ 36. Kxg2 Qxg5+ 37. Kxf2 Kb8 38. Rg1 Qxd5 39.
Qf3 Qe6 40. Bf5 Qa2+ 41. Qe2 Qd5 42. Qf3 Qc4 43. Rg3 Re8 44. Bg4 Qa2+ 45. Kg1 Re1+ 46. Qf1 Rxf1+ 47. Kxf1 Qb1+ 48. Kg2 Qe4+ 49. Bf3 Qh7 50.
Bd5 Qc2+ 51. Kg1 Qd1+ 52. Kf2 Bxd4+ 53. Kg2 Qe2+ 54. Kh3 Qh5+ 55. Kg2 Qxd5+ 56. Rf3 Bxc3 57. Kg3 Be1+ 58. Kg2 Qe4 59. Kf1 Qxf3+ 60. Kxe1 Qg2 61. Kd1 d5 62. Kc1 d4 0-1

[Event "Late-Titled-Tuesday-Blitz-May-14-2024"]
[Site "Chess.com"]
[Date "2024.05.14"]
[Round "7"]
[White "StoreySniper"]
[Black "Revan_2002"]
[Result "1-0"]
[WhiteElo "2536"]
[BlackElo "2751"]
[TimeControl "180+1"]
[EndTime "15:17:53 PDT"]
[Termination "StoreySniper won by resignation"]

1. e4 e5 2. Nf3 Nc6 3. Nc3 Nf6 4. Bb5 Bb4 5. Bxc6 dxc6 6. d3 Nd7 7. Bd2 O-O 8. Ne2 Bd6 9. Ng3 Re8 10. Nf5 Nf8 11. g4 Bc5 12. Be3 Bxe3 13. fxe3 Be6 14. Qe2 c5 15. b3 b5 16. a4 c6 17. h4 c4 18.
bxc4 bxc4 19. O-O f6 20. Rf2 cxd3 21. cxd3 c5 22. Kh2 Qd7 23. Rg1 Qxa4 24. g5 Bxf5 25.
gxf6 Bg6 26. h5 Bxh5 27. Rxg7+ Kh8 28. Ng5 Bg6 29. Nf7+ Bxf7 30. Rxf7 Qb3 31. Qh5 Qe6 32. Rg2 Red8 33. Rgg7 Qxf6 34. Rxf6 Kxg7 35. Qg5+ Ng6 36. Rc6 Rd7 37. Qf6+ Kg8 38. Rc8+ Rxc8 39. Qe6+ Rf7 40. Qxc8+ Kg7 41. Qxc5 Rf2+ 42. Kg3 Rf7 43. d4 exd4 44. exd4 h5 45. Qxh5 Re7 46. e5 Re6 47. Qf5 Re7 48.
Qf6+ Kh7 49. e6 a5 50. d5 a4 51. d6 Rg7 52. Qxg7+ Kxg7 53. d7 a3 54. d8=Q a2 55.
Qa5 Kf6 56. Qxa2 Nf8 57. Qf2+ Kxe6 58. Qf7+ Ke5 59. Qxf8 Ke6 60. Qe8+ Kf6 61. Qd8+ Kf7 62. Qc8 Ke7 63. Qb7+ Kd6 64. Qa7 Kc6 65. Qa6+ Kc7 66.
Qa1 Kb8 67. Qc1 Kb7 68. Qb2+ Ka6 69. Kf4 Ka5 70. Ke5 Ka4 1-0

[Event "Late-Titled-Tuesday-Blitz-May-14-2024"]
[Site "Chess.com"]
[Date "2024.05.14"]
[Round "7"]
[White "szachmistrz2500"]
[Black "slidingknight2775"]
[Result "1-0"]
[WhiteElo "2501"]
[BlackElo "2596"]
[TimeControl "180+1"]
[EndTime "15:17:57 PDT"]
[Termination "szachmistrz2500 won by checkmate"]

1. d4 Nf6 2. Nf3 e6 3. e3 c5 4. Bd3 b6 5. O-O Bb7 6. Nbd2 Be7 7. b3 O-O 8. Bb2 Nc6 9. a3 d6 10. Qe2 Qc7 11. c4 Rfe8 12. Rac1 Rad8 13. e4 cxd4 14.
Nxd4 Nxd4 15. Bxd4 Nd7 16. f4 Bf6 17. Bxf6 Nxf6 18.
b4 Qd7 19. Rf3 d5 20. cxd5 exd5 21. e5 Qe7 22. Rh3 Ne4 23. Nxe4 dxe4 24. Bxe4 Bxe4 25.
Qxe4 g6 26. Rhc3 Rd7 27. h3 Red8 28. f5 Rd4 29. Qe3 gxf5 30. Rf1 f4 31. Rxf4 Rxf4 32.
Qxf4 Kh8 33. Kh2 Rg8 34. Rf3 Qe6 35. Rd3 Qg6 36. Qf6+ Qxf6 37. exf6 Re8 38. Rd7 Kg8 39. Re7 Rd8 40. Rxa7 h5 41. Kg3 Rd6 42. Kh4 Rxf6 43. Kxh5 Kg7 44. g4 Rf3 45. h4 b5 46. Kg5 Rd3 47. h5 Rd5+ 48. Kh4 Re5 49. Ra5 Re1 50. Rxb5 Rh1+ 51. Kg3 Rd1 52. a4 Rd4 53. a5 Rd3+ 54. Kf4 Ra3 55. Rb6 Ra4 56. Kf5 Ra1 57. h6+ Kh7 58. g5 Rf1+ 59. Ke5 Re1+ 60. Kf6 Rf1+ 61. Ke7 Re1+ 62. Kxf7 Rf1+ 63. Rf6 Rc1 64. g6+ Kxh6 65. g7+ Kh5 66. g8=Q Rc7+ 67. Ke6 Rc6+ 68. Ke5 Re6+ 69. Kxe6 Kh4 70. Rh6# 1-0

[Event "Late-Titled-Tuesday-Blitz-May-14-2024"]
[Site "Chess.com"]
[Date "2024.05.14"]
[Round "7"]
[White "Eloist"]
[Black "MarceloPlaya"]
[Result "1/2-1/2"]
[WhiteElo "2430"]
[BlackElo "2327"]
[TimeControl "180+1"]
[EndTime "15:17:57 PDT"]
[Termination "Game drawn - insufficient material"]

1. e4 e6 2. d4 d5 3. Nd2 c5 4.
exd5 exd5 5. Ngf3 Nc6 6. Bb5 Bd6 7. dxc5 Bxc5 8. Nb3 Bb6 9. O-O Ne7 10. Re1 O-O 11.
Be3 Bxe3 12. Rxe3 Qd6 13. h3 Bf5 14. Nbd4 Bg6 15. c3 a6 16. Bd3 Rfe8 17. Qe2 Bxd3 18.
Rxd3 Ng6 19. Qd2 Nce5 20. Nxe5 Nxe5 21. Re3 Nc4 22. Rxe8+ Rxe8 23. Qc2 Qe5 24. Rd1 g6 25. b3 Nb6 26. Qd2 Qe4 27. f3 Qe3+ 28. Qxe3 Rxe3 29. Rc1 Rd3 30. Rc2 Nd7 31. Kf2 Rd1 32. Re2 Nc5 33.
Re8+ Kg7 34. Rc8 Ne6 35. Nxe6+ fxe6 36. Rc7+ Kf6 37. Rxh7 Rd2+ 38. Kg3 b5 39. h4 Rxa2 40. h5 gxh5 41. Rxh5 Rc2 42. Rh6+ Ke5 43. f4+ Kf5 44. Rh5+ Kf6 45. Rh6+ Ke7 46. Rh7+ Kd6 47. Ra7 Rxc3+ 48. Kg4 Rxb3 49. Rxa6+ Ke7 50. f5 exf5+ 51. Kxf5 Re3 52. g4 d4 53. Ra7+ Ke8 54. g5 d3 55. Ra3 Rf3+ 56.
Ke4 Rg3 57. Kf4 d2 58. Ra1 Rg2 59. Rd1 b4 60. Kf3 Rxg5 61. Rxd2 b3 62. Rb2 Rb5 63. Ke3 Kd7 64. Kd3 Kc6 65. Kc4 Kb6 66. Rxb3 Rxb3 67.
Kxb3 1/2-1/2

[Event "Late-Titled-Tuesday-Blitz-May-14-2024"]
[Site "Chess.com"]
[Date "2024.05.14"]
[Round "7"]
[White "Aygehovit1992"]
[Black "GelmanAlexander"]
[Result "0-1"]
[WhiteElo "2830"]
[BlackElo "2682"]
[TimeControl "180+1"]
[EndTime "15:17:58 PDT"]
[Termination "GelmanAlexander won by resignation"]

1. e4 c5 2. Nf3 e6 3. b3 a6 4.
Bb2 d6 5. c4 b6 6. d4 cxd4 7.
Nxd4 Bb7 8. Bd3 Nf6 9. Nd2 Nbd7 10. O-O g6 11. f4 Bg7 12. Qe2 O-O 13. Rad1 Nh5 14. f5 Qe7 15. Rde1 Rae8 16. Bb1 Qd8 17. fxe6 fxe6 18. Rxf8+ Nxf8 19. Qg4 b5 20. Kh1 bxc4 21. Nxc4 d5 22. exd5 exd5 23. Ne3 Qa5 24. Qd1 Qc7 25. Nec2 Rxe1+ 26. Nxe1 Nf4 27. Nef3 N8e6 28. Nxe6 Nxe6 29. Bxg7 Qxg7 30. Qe2 Qf6 31. Qe5 Qxe5 32. Nxe5 d4 33. Kg1 Kg7 34. Kf2 Kf6 35. Nd7+ Ke7 36. Nb6 Kd6 37. a3 Nc5 38. b4 Ne4+ 39. Bxe4 Bxe4 40.
g3 Kc6 41. Nc4 Bd5 42. Nb2 Kb5 43. Ke2 Be4 44. Kd2 g5 45. Nd3 Bxd3 46. Kxd3 Ka4 47. Kxd4 Kxa3 48. Kc5 Kb3 49. h4 g4 50. h5 h6 51. b5 axb5 52. Kxb5 Kc3 53. Kc5 Kd3 54. Kd5 Ke3 55. Ke5 Kf3 56. Kf5 Kxg3 57. Kg6 Kf4 58.
Kxh6 g3 59. Kh7 g2 60. h6 g1=Q 61. Kh8 Qa1+ 62. Kg8 Qa8+ 63. Kg7 Qb7+ 64. Kg8 Qc8+ 65. Kg7 Qd7+ 66. Kg8 Kg5 67. h7 Kg6 68. h8=N+ Kf6 69. Kf8 Qg7+ 0-1

[Event "Late-Titled-Tuesday-Blitz-May-14-2024"]
[Site "Chess.com"]
[Date "2024.05.14"]
[Round "7"]
[White "Cherepov_Alexej"]
[Black "DeArron_Fox"]
[Result "1/2-1/2"]
[WhiteElo "2413"]
[BlackElo "2544"]
[TimeControl "180+1"]
[EndTime "15:18:01 PDT"]
[Termination "Game drawn by repetition"]

1. d3 d5 2. g3 Nf6 3. Bg2 e5 4. Nf3 Bd6 5. O-O O-O 6. e4 dxe4 7. dxe4 Nxe4 8. Nxe5 Nxf2 9. Rxf2 Bxe5 10. Qxd8 Rxd8 11. c3 Na6 12. Be3 Rd1+ 13. Rf1 Rxf1+ 14. Kxf1 c6 15. Nd2 Bf5 16. Ne4 Nc7 17. Nc5 b6 18.
Bxc6 Rd8 19. Nb3 h5 20. Nd4 Bd3+ 21. Kf2 Nd5 22. Rd1 Nxe3 23. Kxe3 Bc4 24. b3 Be6 25. Bf3 h4 26. Nxe6 Rxd1 27. Bxd1 fxe6 28. gxh4 Bxc3 29. h5 Kf7 30. h3 Kf6 31. Bg4 e5 32. Ke4 Kg5 33. a4 Kh4 34. Kd3 Bd4 35. Ke4 Kg3 36.
Bf5 Kf2 37. Bg4 Ke1 38. Bf5 Kd2 39. Be6 Kc3 40. Bd5 Kb4 41. Be6 Kc5 42. Bc4 Kd6 43. Be2 Kc5 44. Bg4 a6 45. Bc8 a5 46. Be6 b5 47.
axb5 Kxb5 48. Bd7+ Kb4 49. Be6 Kc3 50. Bd5 Kd2 51. Be6 Ke2 52. Bg4+ Kf2 53. Bf5 Kg3 54. Bg4 Kh4 55. Kf3 Ba1 56. Ke4 Bc3 57. Kf3 Kg5 58. Ke4 Bd4 59. Bf3 Kh4 60. Bg4 Kg5 61.
Bf3 Kf6 62. Bg4 Ke7 63. Bf5 Kd6 64. Bg4 Kc5 65. Be6 Kd6 66. Bf7 Ke7 67. Bg6 Kf8 68. Bf5 Ke7 69. Bg4 Kf6 70. Bd7 Kg5 71. Bg4 Kh4 72.
Kf3 Kg5 73. Ke4 Kf6 74. Bf5 Ke7 75. Bg4 Kd6 76. Bf5 Kc6 77. Be6 Kc5 78. Bf7 Kd6 79.
Bg6 Kd7 80. Bf5+ Ke7 1/2-1/2

[Event "Late-Titled-Tuesday-Blitz-May-14-2024"]
[Site "Chess.com"]
[Date "2024.05.14"]
[Round "7"]
[White "Adar_07"]
[Black "imdvb6307"]
[Result "0-1"]
[WhiteElo "2689"]
[BlackElo "2541"]
[TimeControl "180+1"]
[EndTime "15:18:21 PDT"]
[Termination "imdvb6307 won by checkmate"]

1. d4 d5 2. c4 c6 3. cxd5 cxd5 4. Nc3 Nf6 5. g3 Bf5 6. Bg2 e6 7. Nf3 Nc6 8. O-O Bb4 9. Nh4 Be4 10. Nxe4 dxe4 11.
Be3 h6 12. f4 Ng4 13. Qc1 Nxe3 14. Qxe3 Qxd4 15. Qxd4 Nxd4 16. Bxe4 Nxe2+ 17. Kf2 Nd4 18. Bxb7 Rb8 19. Be4 Bc5 20. Rab1 O-O 21. Kg2 Rfd8 22. Rfc1 Bb6 23. b4 Rd7 24. a4 Ne2 25. Rc2 Nd4 26.
Rd2 f5 27. Bd3 Rbd8 28. Bc4 Kf7 29. Rbd1 Rd6 30. a5 Bc7 31. Rd3 Kf6 32. h3 g5 33.
fxg5+ hxg5 34. Nf3 Nxf3 35. Kxf3 Rxd3+ 36. Rxd3 Rb8 37. Rb3 Rh8 38. Kg2 Rd8 39. Rd3 Rxd3 40. Bxd3 Ke5 41.
Bc4 Kd6 42. Kf3 Ke5 43. g4 f4 44. Bb3 Bd8 45. Bc4 Be7 46. b5 Bc5 47. b6 axb6 48. a6 b5 49. Bxb5 Kd6 50. Bc4 e5 51. Ke4 Ba7 52.
Be2 Ke6 53. Bc4+ Kd6 54. Bf1 Bb8 55. Kf5 Kc5 56. Kxg5 e4 57. h4 f3 58. h5 e3 59. h6 e2 60. h7 exf1=Q 61. h8=Q Qc1+ 62. Kg6 Qc2+ 63. Kg5 Qd2+ 64. Kg6 Qd3+ 65. Kh5 Qd5+ 66. g5 Bd6 67. Qc8+ Kb6 68. Qd7 Qe5 69. Qd8+ Kxa6 70.
Qc8+ Kb5 71. Qc2 Qh2+ 72. Qxh2 Bxh2 73. Kg4 f2 74. Kh3 f1=Q+ 75. Kxh2 Qf4+ 76. Kh3 Qxg5 77. Kh2 Kc4 78. Kh1 Kd3 79. Kh2 Ke2 80. Kh1 Kf2 81. Kh2 Qh5# 0-1

[Event "Late-Titled-Tuesday-Blitz-May-14-2024"]
[Site "Chess.com"]
[Date "2024.05.14"]
[Round "7"]
[White "HajiyevKanan"]
[Black "remyrushbrooke"]
[Result "1/2-1/2"]
[WhiteElo "2431"]
[BlackElo "2335"]
[TimeControl "180+1"]
[EndTime "15:18:24 PDT"]
[Termination "Game drawn by repetition"]

1. Nf3 Nf6 2. d4 g6 3. c4 c5 4. g3 Bg7 5. Bg2 O-O 6. O-O cxd4 7. Nxd4 Nc6 8. Nc2 d6 9. Nc3 a6 10. Rb1 Qc7 11. b3 Bd7 12. Bb2 Rad8 13. Ne3 e6 14. Ba3 Bc8 15. Qd2 Rfe8 16. Rfd1 Bf8 17.
Bb2 Bg7 18. Rbc1 Qb8 19. Bf3 Ne5 20. Bg2 Neg4 21. Nxg4 Nxg4 22. Ne4 d5 23. Bxg7 dxe4 24. Qc3 Rxd1+ 25. Rxd1 e5 26. h3 Kxg7 27. hxg4 Bxg4 28.
Bxe4 Bxe2 29. Rd7 Qc8 30. Qd2 Bg4 31. Rxb7 Rd8 32. Qc3 Rd1+ 33. Kh2 Qc5 34. Qe3 Qxe3 35. fxe3 Rd2+ 36. Kg1 Kf6 37. Rb6+ Kg5 38. Rxa6 f5 39. Bg2 f4 40. exf4+ exf4 41. Ra5+ Bf5 42. gxf4+ Kxf4 43. a4 Kg3 44. Bf1 Rd1 45. Rd5 Rb1 46. a5 h5 47.
a6 h4 48. a7 h3 49. Rd2 Be4 50. Ra2 h2+ 51. Rxh2 Rxf1+ 52. Kxf1 Kxh2 53. b4 g5 54. b5 g4 55. c5 g3 56. c6 g2+ 57. Ke2 g1=Q 58.
a8=Q Qg2+ 59. Ke3 Qf3+ 60. Kd4 Qd3+ 61. Kc5 Qd5+ 62. Kb6 Qd4+ 63. Kb7 Qg7+ 64. Ka6 Qa1+ 65. Kb7 Qg7+ 66. Kb8 Qf8+ 67. Ka7 Qa3+ 68. Kb6 Qe3+ 69. Kc7 Qf4+ 70. Kd7 Qf7+ 71. Kd6 Qf6+ 72. Kc5 Qe5+ 73. Kb6 Qd4+ 74. Ka6 Qa4+ 75. Kb7 Qxb5+ 76. Kc7 Qe5+ 77. Kb6 Qd4+ 78. Kc7 Qe5+ 79. Kb6 Qb2+ 80. Kc7 Qg7+ 81. Kb6 Qb2+ 82. Kc7 Qe5+ 1/2-1/2

[Event "Late-Titled-Tuesday-Blitz-May-14-2024"]
[Site "Chess.com"]
[Date "2024.05.14"]
[Round "7"]
[White "DIMONBANAN"]
[Black "Felix-Rose"]
[Result "0-1"]
[WhiteElo "2608"]
[BlackElo "2328"]
[TimeControl "180+1"]
[EndTime "15:18:27 PDT"]
[Termination "Felix-Rose won by checkmate"]

1. e4 e5 2. Nf3 Nc6 3. d4 exd4 4. Nxd4 Nf6 5. Nc3 Bb4 6. Nxc6 bxc6 7. Bd3 d5 8. exd5 O-O 9. O-O cxd5 10. Bg5 c6 11. Qf3 Bd6 12. Bxf6 Qxf6 13. Qxf6 gxf6 14. Ne2 Rb8 15. b3 a5 16. Rad1 a4 17. bxa4 Ra8 18. c4 Rxa4 19. cxd5 cxd5 20. Nc3 Ra5 21. Nxd5 Rxa2 22.
Nxf6+ Kg7 23. Nxh7 Rh8 24. h3 Bf4 25. Bb1 Ra4 26. g3 Bh6 27. f4 Bxh3 28. Rf2 Bg4 29. Rc1 Ra3 30. Kg2 Rxh7 31. Bxh7 Kxh7 32. Rc6 Be6 33. Rc5 Bg7 34. Rh5+ Kg6 35. Rg5+ Kf6 36. Rb5 Bd7 37. Rb6+ Ke7 38. Re2+ Kd8 39. Rb8+ Kc7 40. Rb4 Bc6+ 41. Kh3 Ra1 42. Kg4 Ra3 43. f5 Bf3+ 44. Kg5 Bxe2 45. f6 Rxg3+ 46. Kh4 Rg6 47. fxg7 Rxg7 48.
Rf4 Bc4 49. Kh5 Be6 50. Kh6 Rg6+ 51. Kh5 Kd6 52. Rf2 Ke7 53. Rf4 Rf6 54. Re4 Rf1 55. Kg5 f6+ 56. Kh4 f5 57. Re2 Kf6 58. Rb2 Rh1+ 59. Kg3 Rg1+ 60. Kf4 Rg4+ 61. Kf3 Kg5 62. Rb5 Rd4 63. Re5 Bd5+ 64. Kf2 Be4 65. Ra5 Kf4 66. Ra2 Rc4 67. Ra3 Rc2+ 68. Ke1 Bf3 69. Rb3 Kg3 70.
Rb8 Re2+ 71. Kf1 Rd2 72. Rg8+ Kf4 73. Ke1 Re2+ 74. Kf1 Rh2 75. Rg7 Rh1+ 76. Kf2 Rh4 77.
Kf1 Be4 78. Kf2 Rh2+ 79. Kg1 Ra2 80. Rh7 Bf3 81. Kf1 Bg4 82. Rb7 Kg3 83. Ke1 f4 84. Rb3+ f3 85. Rb4 Re2+ 86. Kf1 Re4 87. Rxe4 Bh3+ 88.
Kg1 f2+ 89. Kh1 f1=Q# 0-1

[Event "Late-Titled-Tuesday-Blitz-May-14-2024"]
[Site "Chess.com"]
[Date "2024.05.14"]
[Round "7"]
[White "manitodeplomo"]
[Black "Viktoker"]
[Result "0-1"]
[WhiteElo "2553"]
[BlackElo "2413"]
[TimeControl "180+1"]
[EndTime "15:18:28 PDT"]
[Termination "Viktoker won on time"]

1. d4 f5 2. g3 Nf6 3. Bg2 e6 4. c4 Be7 5. Nc3 d5 6. Nh3 Ne4 7.
O-O c6 8. f3 Nd6 9. c5 Nf7 10. e4 dxe4 11. fxe4 O-O 12. exf5 exf5 13. Be3 Na6 14. Rc1 Bf6 15. d5 cxd5 16. Nxd5 Nc7 17. Nxf6+ Qxf6 18. Qd4 Qxd4 19. Bxd4 Ne6 20. Rfd1 Nxd4 21. Rxd4 Ne5 22. Nf4 g5 23. Nd5 Nc6 24. Rdd1 f4 25. gxf4 gxf4 26. Kf2 Bg4 27. Bf3 Bxf3 28.
Kxf3 Ne5+ 29. Ke4 Rae8 30. Kd4 Nc6+ 31. Kc3 f3 32. b4 Re2 33. b5 Ne5 34. Rc2 Re4 35.
Rg1+ Kh8 36. Rf1 Rc4+ 37. Kb3 Rd4 38. Nb4 Rdf4 39. c6 bxc6 40. bxc6 Rb8 41. a3 a5 42. c7 Rc8 43. Nd5 a4+ 44. Ka2 Rf7 45. Rb1 f2 46. Rf1 Nd3 47. Kb1 Rd7 48. Nb6 Rcxc7 49. Nxd7 Rxd7 50. Rfxf2 Nxf2 51. Rxf2 Rd3 52. Ka2 Rh3 53. Rb2 Kg7 54. Rc2 Kg6 55. Rc4 Rxh2+ 56. Kb1 Rh1+ 57.
Kb2 Rh2+ 58. Kb1 Rg2 59. Rxa4 h5 60. Ra8 Kf5 61. a4 h4 62. Rf8+ Kg4 63. Rg8+ Kf3 64. Rh8 Rg4 65. a5 Kg3 66. Kc2 Ra4 67. Kb3 Rxa5 68. Rg8+ Kh2 69. Kc3 h3 70. Kd3 Ra3+ 71. Ke2 Rg3 72. Rh8 Kg2 73. Ke1 h2 74. Ke2 h1=Q 75.
Rxh1 Kxh1 0-1

[Event "Late-Titled-Tuesday-Blitz-May-14-2024"]
[Site "Chess.com"]
[Date "2024.05.14"]
[Round "7"]
[White "WPWPWP-2015"]
[Black "Mikayel99"]
[Result "0-1"]
[WhiteElo "2447"]
[BlackElo "2627"]
[TimeControl "180+1"]
[EndTime "15:18:32 PDT"]
[Termination "Mikayel99 won by checkmate"]

1. e4 e6 2. d4 d5 3. exd5 exd5 4. Bd3 Nf6 5. Ne2 Bd6 6. Bf4 O-O 7. O-O Bg4 8. Bxd6 Qxd6 9. h3 Bh5 10. Qc1 Re8 11. Nf4 Bg6 12. Nxg6 hxg6 13. c3 Nbd7 14. Nd2 c5 15. Nf3 c4 16. Bc2 b5 17. Qd2 a5 18. Rfe1 b4 19. Ba4 Rxe1+ 20. Rxe1 Ne4 21. Qe3 Ndf6 22. Ne5 bxc3 23. bxc3 Qa3 24. Bc6 Rb8 25. Bxd5 Nxd5 26. Qxe4 Nxc3 27. Qf3 Rf8 28. Nxc4 Qb4 29.
Ne5 Nxa2 30. Re4 Nc3 31. Rf4 Qb3 32. Nxg6 Qb1+ 33. Kh2 Qxg6 34. Qxc3 Qd6 35. Qg3 g6 36. Rf3 Qxd4 37. Ra3 Ra8 38. Qf3 Ra7 39. g3 a4 40.
Kg2 Qb4 41. h4 Ra5 42. Qe3 Rf5 43. Qe8+ Kg7 44. Qe3 Qb7+ 45. Kh2 Qb4 46. Rd3 Ra5 47. Ra3 Ra6 48. Kg2 Qc4 49. Qf3 Rf6 50. Qe3 Qd5+ 51.
Kh2 Re6 52. Qd3 Qa5 53. Qd4+ Kh7 54. Rxa4 Qe1 55. Ra2 Qf1 56. Qd5 Rf6 57. Qg2 Qe1 58. Rb2 Qe5 59. Ra2 Qe6 60. Rd2 Qa6 61. Rc2 Qb6 62. Re2 Qd4 63. Qf1 Rf5 64. Kg2 Kg7 65. Qe1 Qd5+ 66. Kg1 Qf3 67. Qd2 Rd5 68. Qe3 Rd1+ 69.
Re1 Qxe3 70. Rxd1 Qe2 71. Rf1 Qf3 72. Re1 Kh6 73. Re3 Qd1+ 74. Kg2 Qd5+ 75. Kg1 Qb5 76.
Re1 f6 77. Re3 g5 78. hxg5+ Kxg5 79. Kg2 f5 80. Kg1 Kg4 81. Kg2 Qd5+ 82. Kh2 Qd2 83. Kg2 Qd5+ 84. Kh2 Qd8 85. Kg2 Qh8 86. Kg1 Kh3 87. Re1 Qc3 88. Rd1 Qf3 89. Re1 Qg2# 0-1

[Event "Late-Titled-Tuesday-Blitz-May-14-2024"]
[Site "Chess.com"]
[Date "2024.05.14"]
[Round "7"]
[White "Nor1lsk"]
[Black "lucasran"]
[Result "1/2-1/2"]
[WhiteElo "2781"]
[BlackElo "2582"]
[TimeControl "180+1"]
[EndTime "15:18:38 PDT"]
[Termination "Game drawn by repetition"]

1. e4 c6 2. d4 d5 3. f3 g6 4. Nc3 Bg7 5. Be3 Qb6 6. Qd2 Qxb2 7. Rb1 Qa3 8. Bd3 Nf6 9. e5 Nfd7 10. f4 e6 11. Nf3 Qe7 12. O-O O-O 13. g4 f5 14. exf6 Nxf6 15. Ne5 Nbd7 16. g5 Nh5 17. Qg2 Nxe5 18. fxe5 Rxf1+ 19. Rxf1 Bd7 20. Rf6 Nxf6 21. gxf6 Qb4 22. Bxg6 hxg6 23. Qxg6 Qf8 24. Bh6 Qf7 25. Qg3 Kh7 26. Bxg7 Qg6 27. Ne2 Qxg3+ 28. hxg3 Be8 29. Nf4 Bf7 30. g4 Re8 31. g5 b6 32. Kf2 c5 33.
c3 cxd4 34. cxd4 b5 35. Ke3 a5 36. Kd2 b4 37. Kc2 a4 38. Kb2 Rc8 39. Bh6 Bg6 40.
Nxg6 Kxg6 41. Bg7 Kf7 42. Bh6 Rc3 43. Bg7 Rg3 44. Bh6 a3+ 45. Kc2 Rg2+ 46. Kb1 Rb2+ 47. Ka1 Kg6 48. Bf8 Rd2 49. Kb1 Rxd4 50. Kc2 Rf4 51. Kb3 Kxg5 52. Bxb4 Kg6 53. Bxa3 Rf3+ 54. Kb4 Re3 55. Bb2 Re2 56. Kb3 Kf7 57. a4 Re4 58. a5 Rc4 59. Ba3 Rc8 60. Bd6 d4 61. Bb4 d3 62.
Ka4 Rd8 63. Bd2 Rc8 64. a6 Rc2 65. Bb4 d2 66. Bxd2 Rxd2 67. Kb5 Rd5+ 68. Kb6 Rd1 69. a7 Rb1+ 70. Kc7 Rc1+ 71. Kb7 Rb1+ 72. Kc6 Ra1 73. Kb6 Rb1+ 74. Kc5 Rc1+ 75. Kb6 Rb1+ 1/2-1/2

[Event "Late-Titled-Tuesday-Blitz-May-14-2024"]
[Site "Chess.com"]
[Date "2024.05.14"]
[Round "7"]
[White "Flaccidmoves"]
[Black "Oleg_Papayan"]
[Result "0-1"]
[WhiteElo "2433"]
[BlackElo "2619"]
[TimeControl "180+1"]
[EndTime "15:18:41 PDT"]
[Termination "Oleg_Papayan won by resignation"]

1. d4 d5 2. c4 dxc4 3. e4 e5 4. Nf3 exd4 5. Bxc4 Be6 6. Bxe6 fxe6 7. Qb3 Nc6 8.
Qxe6+ Qe7 9. Ng5 Nf6 10. O-O h6 11. Qh3 Qd7 12. Ne6 Nd8 13. Nf4 Qxh3 14. gxh3 Kf7 15. e5 Nd7 16. Re1 Ne6 17. Nd3 c5 18. Nd2 b5 19. b3 Nb6 20. Ne4 c4 21. Nf4 g5 22. Nxe6 Kxe6 23. Bb2 c3 24. Bxc3 dxc3 25.
Nxc3 Bb4 26. Nxb5 Bxe1 27. Nc7+ Kxe5 28. Nxa8 Bxf2+ 29. Kxf2 Rxa8 30. Kg3 h5 31. h4 g4 32.
Re1+ Kf5 33. Re7 Nd5 34. Rg7 Nf6 35. b4 Ne4+ 36. Kg2 Rb8 37. a3 a5 38. bxa5 Ra8 39.
Rf7+ Ke6 40. Rh7 Nf6 41. Rh6 Rxa5 42. h3 gxh3+ 43. Kxh3 Rxa3+ 44. Kg2 Ra8 45. Rg6 Kf5 46. Rg5+ Kf4 47. Rb5 Ra2+ 48. Kh3 Ra3+ 49. Kg2 Re3 50. Ra5 Re5 51. Ra4+ Kf5 52. Rb4 Ng4 53. Ra4 Nh6 54.
Kg3 Kf6 55. Ra6+ Re6 56. Ra5 Nf5+ 57. Kf4 Ng7 58. Rb5 Rc6 59. Ra5 Rc4+ 60. Kg3 Nf5+ 61. Kh3 Rxh4+ 62. Kg2 Rg4+ 63. Kh3 Rc4 64. Kh2 Kg5 65.
Kh3 Rc3+ 66. Kh2 h4 67. Kg2 Kg4 68. Ra4+ Kg5 69. Rb4 Rc2+ 70. Kh3 Rc3+ 71. Kg2 Ra3 72. Kh2 Rg3 73. Ra4 Rg4 74. Ra8 Rf4 75. Rg8+ Kh5 76.
Rh8+ Kg4 77. Rg8+ Kf3 78. Ra8 Re4 79. Kh3 Kf4 80. Ra3 Re3+ 81. Rxe3 Kxe3 82. Kh2 Kf3 83. Kh1 Kg3 84. Kg1 h3 85. Kh1 Nh4 86. Kg1 Nf3+ 87.
Kh1 Ng5 88. Kg1 Ne4 89. Kh1 Nf2+ 90. Kg1 h2+ 91. Kf1 h1=Q+ 92. Ke2 Qd1+ 0-1